 Dungeon Crawl Stone Soup version 0.18.1-48-g4cf74bf (webtiles) character file.

116 gigapuddisalt the Bolt Thrower (level 5, 0/30 HPs)
             Began as a Kobold Hunter on July 6, 2016.
             Was an Initiate of Dithmenos.
             Slain by an adder (3 damage)
             ... on level 3 of the Dungeon.
             The game lasted 00:13:55 (1347 turns).

gigapuddisalt the Bolt Thrower (Kobold Hunter)      Turns: 1347, Time: 00:13:56

Health: 0/30       AC:  3    Str: 10    XL:     5   Next: 21%
Magic:  5/5        EV: 15    Int:  9    God:    Dithmenos [......]
Gold:   71         SH:  0    Dex: 18    Spells: 0 memorised, 4 levels left

rFire  . . .     SeeInvis .     a - +2 hand crossbow
rCold  . . .     Gourm    .     c - +0 leather armour
rNeg   . . .     Faith    .     (shield restricted)
rPois  .         Spirit   .     (no helmet)
rElec  .         Dismiss  .     (no cloak)
rCorr  .         Reflect  .     (no gloves)
SustAt .         Harm     .     (no boots)
MR     .....                    (no amulet)
Stlth  +.........               (no ring)
                                (no ring)

@: glowing, not resistant to hostile enchantments, very unstealthy
A: carnivore 3
a: Renounce Religion


You were on level 3 of the Dungeon.
You worshipped Dithmenos.
Dithmenos was noncommittal.
You were hungry.

You visited 1 branch of the dungeon, and saw 3 of its levels.

You collected 71 gold pieces.

Inventory:

Hand Weapons
 a - a +2 hand crossbow (weapon)
 b - a +0 short sword
Missiles
 d - 31 bolts (quivered)
Armour
 c - a +0 leather armour (worn)
Wands
 e - a wand of heal wounds (5/9)
Scrolls
 i - a scroll of remove curse
Comestibles
 f - 2 meat rations
 g - a slice of pizza
 h - 2 chunks of flesh
 k - a beef jerky


   Skills:
 + Level 2.2 Fighting
 + Level 6.8 Crossbows
 + Level 0.2 Armour
 + Level 2.7 Dodging
 * Level 3.0 Stealth


You had 4 spell levels left.
You didn't know any spells.

Dungeon Overview and Level Annotations

Branches:
Dungeon (3/15)

Altars:
Dithmenos

Annotations:
D:3 Sigmund; juanjsm's ghost, amateur SpEn


Innate Abilities, Weirdness & Mutations

You are small and have problems with some larger weapons.
You are carnivorous and can eat meat at any time.


Message History

You resist with significant effort.
Juanjsm's ghost gestures at you while chanting.
You resist with significant effort.
You feel sick.
Juanjsm's ghost whispers, "Trust me.
Just give in."
You feel sick.
Juanjsm's ghost hits you but does no damage.
Juanjsm's ghost points at you and mumbles some strange words.
You resist with significant effort.
An adder comes into view.
The adder moves out of view.
You feel sick.
You are no longer poisoned.
Juanjsm's ghost misses you. The adder bites you.
* * * LOW HITPOINT WARNING * * *
Juanjsm's ghost points at you and mumbles some strange words.
You are outlined in light.
The adder bites you.
You die...

...........(..........
##....................##
#..#..#.......#.......##
..........(#.@.....).((.
.......#.#...####...###.
.......#.W..##..)..(# #@
.........##..?.....@###.
......r#S####.......##..
.......@.# ##......#..#
...#.....# #.....(..##
#.....<.# #......###
##......# #......#
##.....# #......#
#.....# #......# #...(.#
######## #....(# #.(o..#


You could see juanjsm's ghost, an adder and a rat.

Vanquished Creatures
  An orc wizard (D:2)
  An adder (D:3)
  4 oozes
  2 worms (D:2)
  A dart slug (D:1)
  3 giant geckos
  4 orcs (D:3)
  A giant cockroach (D:1)
  8 hobgoblins
  2 bats
  2 giant newts
  9 goblins
  8 kobolds
  6 rats
52 creatures vanquished.

Notes
Turn   | Place    | Note
--------------------------------------------------------------
     0 | D:1      | gigapuddisalt the Kobold Hunter began the quest for the Orb.
     0 | D:1      | Reached XP level 1. HP: 12/12 MP: 1/1
    45 | D:1      | Reached skill level 5 in Crossbows
    45 | D:1      | Reached XP level 2. HP: 17/17 MP: 2/2
   215 | D:1      | Reached XP level 3. HP: 21/21 MP: 3/3
   706 | D:2      | Reached skill level 6 in Crossbows
   718 | D:2      | Reached XP level 4. HP: 26/26 MP: 4/4
   880 | D:2      | Found a shadowy altar of Dithmenos.
   885 | D:2      | Became a worshipper of Dithmenos the Shadowed
  1251 | D:3      | Reached XP level 5. HP: 30/30 MP: 5/5
  1297 | D:3      | Noticed juanjsm's ghost (amateur SpEn)
  1325 | D:3      | Noticed Sigmund
  1347 | D:3      | Slain by an adder

Skill      XL: |  1  2  3  4  5 |
---------------+----------------+-----
Crossbows      | 5 6 |  6.8
Stealth        | 2 3 |  3.0
Fighting       | |  2.2
Armour         | |  0.2
Dodging        | |  2.7

Action                   |  1- 3 |  4- 6 || total
-------------------------+-------+-------++-------
 Fire: Hand crossbow     |    56 |    54 ||   110
  Use: Scroll            |     1 |     1 ||     2
       Potion            |       |     3 ||     3
  Eat: Chunk             |       |     1 ||     1
Armor: Leather armour    |       |     7 ||     7
Dodge: Dodged            |     5 |    16 ||    21
